 Dungeon Crawl Stone Soup version 0.26-a0-49-g0e6732e0a6 (webtiles) character file.

Game seed: 8869492543084862239

16 Glundar the Skirmisher (level 2, -1/24 HPs)
             Began as a Demonspawn Fighter on June 4, 2020.
             Was an Initiate of Okawaru.
             Slain by Terence
             ... wielding a +0 short sword
              (2 damage)
             ... on level 1 of the Dungeon.
             The game lasted 00:02:48 (739 turns).

Glundar the Skirmisher (Demonspawn Fighter)          Turns: 739, Time: 00:02:48

Health: -1/24      AC:  6    Str: 16    XL:     2   Next: 37%
Magic:  2/2        EV:  6    Int:  9    God:    Okawaru [......]
Gold:   21         SH:  8    Dex: 12    Spells: 1/1 levels left

rFire    . . .     SeeInvis .   a - +0 war axe
rCold    . . .     Gourm    .   c - +0 kite shield
rNeg     . . .     Faith    .   e - +0 scale mail
rPois    .         Spirit   .   (no helmet)
rElec    .         Reflect  .   (no cloak)
rCorr    .         Harm     .   (no gloves)
MR       .....                  (no boots)
Stlth    ..........             (no amulet)
HPRegen  0.08/turn              (no ring)
MPRegen  0.08/turn              (no ring)

@: slowed, very slow
A: rot immunity
a: Renounce Religion


You were on level 1 of the Dungeon.
You worshipped Okawaru.
Okawaru was noncommittal.
You were not hungry.

You visited 1 branch of the dungeon, and saw 2 of its levels.

You collected 21 gold pieces.

Inventory:

Hand Weapons
 a - a +0 war axe (weapon)
 b - a +0 hunting sling
Armour
 c - a +0 kite shield (worn)
 e - a +0 scale mail (worn)
Scrolls
 g - 2 scrolls of teleportation {unknown}
 i - a scroll of identify {unknown}
Potions
 d - a potion of might
 h - a potion of stabbing {unknown}
 j - a potion of resistance {unknown}
Comestibles
 f - 2 rations


   Skills:
 + Level 3.1 Fighting
 + Level 2.0 Axes
 + Level 0.5 Slings
 + Level 2.8 Armour
 + Level 2.8 Shields


You had one spell level left.
You didn't know any spells.
Your spell library was empty.

Dungeon Overview and Level Annotations

Branches:
Dungeon (2/15)

Altars:
Okawaru

Annotations:
D:1 Natasha, Terence
D:2 Robin


Innate Abilities, Weirdness & Mutations

You are immune to rotting.


Message History

Natasha casts a spell at you.
You feel yourself slow down.
The iron imp shouts, "Take thy face hence, thou infectious full-gorged slabber!"
The iron imp hits you but does no damage.
You climb upwards.
The iron imp disappears in a puff of smoke!
There is a stone staircase leading down here.
You are too injured to fight recklessly!
You hit Terence.
Terence is lightly wounded.
You hit the goblin. You closely miss the goblin. You closely miss Natasha.
You block the goblin's attack. The goblin hits you but does no damage.
Terence hits you with a +0 short sword.
Natasha stares at you and mumbles some strange words.
The magic dart hits you!
* * * LOW HITPOINT WARNING * * *
You block the goblin's attack.
Terence shouts, "Get ready for death!"
Terence hits you with a +0 short sword.
You die...

.##.# #......###......#....
♣P#.#### #......#####.##......
###....# ###....................
#.....####...........##.........
#..........##...##.#.##.......).
#.....#......#.......##.........
############....................
###.h@...............
#g@................
#.g.>..............
#................(.
#.....>............
###.................
###...................
#.....................
#.##.........##.......
#.##....(....###......


You could see Terence, Natasha and 2 goblins.

Vanquished Creatures
  3 bats (D:1)
  A giant cockroach (D:1)
  5 goblins
  2 jackals (D:1)
  A frilled lizard (D:1)
  A rat (D:1)
13 creatures vanquished.

Notes
Turn   | Place    | Note
-------+----------+-------------------------------------------
     0 | D:1      | Glundar the Demonspawn Fighter began the quest for the Orb.
     0 | D:1      | Reached XP level 1. HP: 18/18 MP: 1/1
   159 | D:1      | Gained mutation: You are immune to rotting. [demonic
                  | ancestry]
   159 | D:1      | Reached XP level 2. HP: 24/24 MP: 2/2
   360 | D:1      | Found an iron altar of Okawaru.
   467 | D:1      | Became a worshipper of Warmaster Okawaru
   729 | D:2      | Noticed Robin
   729 | D:2      | Noticed Natasha
   733 | D:2      | Noticed Terence
   739 | D:1      | HP: 1/24 [Natasha/magic dart (9)]
   739 | D:1      | Slain by Terence

Illustrated notes

Levels and vault maps discovered:
D:1:      kennysheep_arrival_seaside, layout_rooms, serial_bayou_ford_a,
          okawaru_ov_weapons_minmay
D:2:      layout_basic, uniq_robin, uniq_terence, uniq_natasha

Skill      XL: |  1  2 |
---------------+-------+-----
Axes           | 2 |  2.0
Fighting       | |  3.1
Slings         | |  0.5
Armour         | |  2.8
Shields        | |  2.8

Action                   || total
-------------------------++-------
Melee: War axe           ||    95
Armor: Scale mail        ||    95
Dodge: Dodged            ||    45
Block: Kite shield       ||    75

Table legend:
 A = Non-vault XP
 B = Vault XP
 C = Vault XP percentage of total XP
 D = Non-vault monster count
 E = Vault monster count
 F = Vault count percentage of total count
                 A         B        C        D         E       F
            +---------+---------+-------+---------+---------+-------
      Total |      21 |       2 |   8.7 |      12 |       1 |   7.7
            +---------+---------+-------+---------+---------+-------
        D:1 |      21 |       0 |   0.0 |      12 |       0 |   0.0
        D:2 |       0 |       2 | 100.0 |       0 |       1 | 100.0
            +---------+---------+-------+---------+---------+-------
